 Dungeon Crawl Stone Soup version 0.22-a0-91-g23542c2 (webtiles) character file.

147 wazuzu the Sneak (level 5, -5/35 HPs)
             Began as a Demonspawn Enchanter on Jan 22, 2018.
             Engulfed by anet's ghost's flame (19 damage)
             ... on level 4 of the Dungeon.
             The game lasted 00:12:02 (4403 turns).

wazuzu the Sneak (Demonspawn Enchanter)             Turns: 4403, Time: 00:12:02

Health: -5/35      AC: 11    Str:  8 (9)  XL:     5   Next: 7%
Magic:  8/8        EV:  9    Int: 14 (16) God:
Gold:   130        SH:  0    Dex: 13 (14) Spells: 2/8 levels left

rFire    . . .     SeeInvis .   a - +1 dagger
rCold    . . .     Gourm    .   (no shield)
rNeg     . . .     Faith    .   s - +4 ring mail
rPois    .         Spirit   .   (no helmet)
rElec    .         Reflect  .   (no cloak)
rCorr    .         Harm     .   e - +1 pair of gloves
MR       .....                  (no boots)
Stlth    ..........             (no amulet)
HPRegen  0.11/turn              g - ring of flight
MPRegen  0.11/turn              (no ring)

@: confused, flying, hasted, very heavily drained, very quick
A: hooves 1, powered by death 1, powered by pain 1
a: no special abilities


You were on level 4 of the Dungeon.
You were not hungry.

You visited 1 branch of the dungeon, and saw 4 of its levels.

You collected 130 gold pieces.

Inventory:

Hand Weapons
 a - a +1 dagger (weapon)
 b - a +0 hunting sling
Missiles
 i - 96 stones (quivered)
 k - 49 sling bullets
Armour
 e - a +1 pair of gloves (worn)
 s - a +4 ring mail (worn)
Jewellery
 g - a ring of flight (left hand)
Scrolls
 o - 2 scrolls of identify
Potions
 h - 2 potions of curing
 m - a potion of flight
Books
 c - a book of Maledictions

   Spells                             Type                      Level
   a - Corona                         Hexes                        1
   b - Ensorcelled Hibernation        Hexes/Ice                    2
   c - Confuse                        Hexes                        3
   d - Tukima's Dance                 Hexes                        3
   e - Dazzling Spray                 Conjuration/Hexes            3
Comestibles
 d - 5 rations


   Skills:
 - Level 2.6(0.0) Short Blades
 - Level 1.7(0.0) Dodging
 + Level 4.4(0.5) Stealth
 - Level 2.0(0.0) Spellcasting
 + Level 3.5(0.0) Hexes


You had 2 spell levels left.
You knew the following spells:

 Your Spells              Type           Power        Failure   Level  Hunger
a - Corona                Hex            #......      65%         1    ##.....
b - Ensorcelled Hibernat  Hex/Ice        #.....       80%         2    ###....
c - Confuse               Hex            #.......     95%         3    ####...


Dungeon Overview and Level Annotations

Branches:
Dungeon (4/15)
 Temple: D:4-7

Altars:
Ashenzari
Elyvilon
Gozag
Kikubaaqudgha
Sif Muna

Annotations:
D:4 anet's ghost, amateur DEWz


Innate Abilities, Weirdness & Mutations

You have large cloven feet.
You regenerate a little health from kills.
You sometimes gain a little power by taking damage.


Message History

You feel drained.
You bump into the rock wall.
Anet's ghost hits you but does no damage.
You feel drained.
You bump into the rock wall.
Anet's ghost hits you but does no damage.
You feel drained.
You miss anet's ghost.
You kick anet's ghost, but do no damage.
Anet's ghost is moderately damaged.
You feel yourself speed up. Anet's ghost hits you.
You feel drained.
You hit anet's ghost but do no damage. You kick anet's ghost.
Anet's ghost is heavily damaged.
Anet's ghost says, "I am smarter than you!"
Anet's ghost hits you but does no damage.
You feel drained.
You are engulfed in blazing flames.
Ouch! That really hurt!
You die...

#....#
.......
#....#
#....#
#....#
#....#
#....#
#...W#
#....#
#...@#
#....#
#.......
#........
#.........
#..........
#)######.###
#. .#


You could see anet's ghost.

Vanquished Creatures
  6 adders
  3 dart slugs
  2 leopard geckos (D:3)
  4 orcs (D:3)
  6 bats
  3 giant cockroaches
  10 goblins
  2 hobgoblins (D:3)
  19 jackals
  7 kobolds
  3 quokkas (D:2)
  7 frilled lizards
  4 rats
76 creatures vanquished.

Notes
Turn   | Place    | Note
-------+----------+-------------------------------------------
     0 | D:1      | wazuzu the Demonspawn Enchanter began the quest for the Orb.
     0 | D:1      | Reached XP level 1. HP: 13/13 MP: 3/3
    36 | D:1      | Reached skill level 1 in Short Blades
   293 | D:1      | Reached skill level 3 in Stealth
   484 | D:1      | Gained mutation: You regenerate a little health from kills. [demonic ancestry]
   484 | D:1      | Reached XP level 2. HP: 7/19 MP: 5/5
  1240 | D:1      | Gained mutation: You have large cloven feet. [demonic ancestry]
  1240 | D:1      | Reached XP level 3. HP: 13/24 MP: 6/6
  2901 | D:2      | Learned a level 2 spell: Ensorcelled Hibernation
  2962 | D:2      | Reached XP level 4. HP: 30/30 MP: 7/7
  3467 | D:3      | Learned a level 3 spell: Confuse
  3531 | D:3      | Reached skill level 4 in Stealth
  3900 | D:3      | Found a deep blue altar of Sif Muna.
  3903 | D:3      | Found an opulent altar of Gozag.
  3906 | D:3      | Found an ancient bone altar of Kikubaaqudgha.
  4169 | D:3      | Found a white marble altar of Elyvilon.
  4171 | D:3      | Found a shattered altar of Ashenzari.
  4283 | D:3      | Gained mutation: You sometimes gain a little power by taking damage. [demonic ancestry]
  4283 | D:3      | Reached XP level 5. HP: 35/35 MP: 8/8
  4363 | D:4      | Noticed anet's ghost (amateur DEWz)
  4403 | D:4      | Engulfed by anet's ghost's flame

Vault maps used:
D:1:      minmay_arrival_up_and_down
D:3:      nicolae_overflow_hidden_temple, roderic_lattice_a,
          guppyfry_early_orc_mine
D:4:      cheibrodos_sewer_entry_bend, minmay_misc_feat_doors, minivault_26

Skill      XL: |  1  2  3  4 |
---------------+-------------+-----
Short Blades   | 1 2 |  2.6
Stealth        | 3 4 |  4.4
Dodging        | |  1.7
Spellcasting   | |  2.0
Hexes          | |  3.5

Action                   |  1- 3 |  4- 6 || total
-------------------------+-------+-------++-------
Melee: Dagger            |   251 |   116 ||   367
       Kick              |    14 |    32 ||    46
 Cast: Corona            |       |     2 ||     2
  Use: Potion            |       |     5 ||     5
       Scroll            |       |     4 ||     4
 Stab: Sleeping          |     2 |     3 ||     5
  Eat: Chunk             |     3 |     5 ||     8
       Ration            |     1 |       ||     1
Armor: Ring mail         |    90 |    39 ||   129
Dodge: Dodged            |   153 |    39 ||   192

Table legend:
 A = Spawn XP
 B = Non-spawn XP
 C = Spawn XP percentage of total XP
 D = Spawn monster count
 E = Non-spawn monster count
 F = Spawn count percentage of total count
 G = Total turns spent on level
                    A         B        C        D         E        F      G
               +---------+---------+-------+---------+---------+-------+---------
         Total |       0 |     210 |   0.0 |       0 |      76 |   0.0 |  4403
               +---------+---------+-------+---------+---------+-------+---------
           D:1 |       0 |      57 |   0.0 |       0 |      32 |   0.0 |  2043
           D:2 |       0 |      44 |   0.0 |       0 |      18 |   0.0 |  1241
           D:3 |       0 |      96 |   0.0 |       0 |      25 |   0.0 |  1065
           D:4 |       0 |      13 |   0.0 |       0 |       1 |   0.0 |    54
               +---------+---------+-------+---------+---------+-------+---------
